 Dungeon Crawl Stone Soup version 0.26-a0-1058-g8dc6ce00ff (webtiles) character file.

Game seed: 4130600351317947803

74 Masnef the Ruffian (level 4, -4/35 HPs)
             Began as a Draconian Transmuter on Oct 22, 2020.
             Slain by a gnoll
             ... wielding a +0 whip
              (12 damage)
             ... on level 2 of the Dungeon on Dec 13, 2020.
             The game lasted 00:05:47 (1599 turns).

Masnef the Ruffian (Draconian Transmuter)           Turns: 1599, Time: 00:05:48

Health: -4/35      AC:  5    Str: 12    XL:     4   Next: 10%
Magic:  7/7        EV: 12    Int: 15    God:
Gold:   97         SH:  0    Dex: 11    Spells: 6/7 levels left

rFire    . . .     SeeInvis .     - Unarmed
rCold    . . .     Faith    .   (no shield)
rNeg     . . .     Spirit   .   (armour unavailable)
rPois    .         Reflect  .   (helmet restricted)
rElec    .         Harm     .   (no cloak)
rCorr    .         Rampage  .   (no gloves)
Will     .....                  (no boots)
Stlth    +.........             (no amulet)
HPRegen  0.11/turn              (no ring)
MPRegen  0.10/turn              (no ring)

@: no status effects
A: unfitting armour, cold-blooded, AC +5
a: no special abilities


You were on level 2 of the Dungeon.
You visited 1 branch of the dungeon, and saw 2 of its levels.

You collected 97 gold pieces.

Inventory:

Armour
 i - a +0 kite shield
Wands
 j - a wand of random effects (19)
Scrolls
 b - a scroll of magic mapping {unknown}
 d - a scroll of enchant armour {unknown}
 g - 3 scrolls of remove curse {unknown}
 k - a scroll of fog {unknown}
Potions
 e - a potion of cancellation {unknown}
 f - a potion of curing
 h - a potion of might {unknown}


   Skills:
 - Level 1.4 Fighting
 + Level 2.3 Dodging
 + Level 4.3 Unarmed Combat
 - Level 2.1 Spellcasting
 - Level 2.2 Transmutations


You had 6 spell levels left.
You knew the following spells:

 Your Spells              Type           Power        Failure   Level
a - Beastly Appendage     Tmut           #.....       9%          1

Your spell library contained the following spells:

 Spells                   Type           Power        Failure   Level
 Wereblood                Tmut           #.......     13%         2
 Spider Form              Tmut/Pois      #.........   38%         3
 Ice Form                 Ice/Tmut       #.......     80%         4
 Blade Hands              Tmut           #.........   94%         5


Dungeon Overview and Level Annotations

Branches:
Dungeon (2/15)

Altars:


Innate Abilities, Weirdness & Mutations

Your plain brown scales are hard. (AC +5)
You cannot fit into any form of body armour.
You are cold-blooded and may be slowed by cold attacks.


Message History

The kobold barely misses you. The hobgoblin misses you.
The gnoll hits you with a +0 whip.
* * * LOW HITPOINT WARNING * * *
The kobold hits you.
* * * LOW HITPOINT WARNING * * *
The kobold throws a stone.
The stone hits you but does no damage.
You see here a stone.
Blink to where?
Press: ? - help, Dir - move target
As you read the scroll labelled FIGUITIUNE, it crumbles to dust.
It was a scroll of blinking.
The kobold misses you. The gnoll barely misses you.
The kobold hits you but does no damage. The gnoll barely misses you.
You climb upwards.
There is a stone staircase leading down here.
The gnoll misses you. The kobold closely misses you. The gnoll hits you.
* * * LOW HITPOINT WARNING * * *
You climb downwards.
The hobgoblin barely misses you. The gnoll hits you with a +0 whip!
You die...

######
#.##.### ###
#(##... ..#
#.##.# #....
...#####g...#
# ...
.....Kg@g.g.#
# ..
...####g#.#(#
# #.#.#.#
#.#.#g# #
#.#.#.# #
....#.#
#.###.# #.#
#.# #.#


You could see 4 gnolls, a hobgoblin and a kobold.

Vanquished Creatures
  Natasha (D:2)
  An adder (D:2)
  A worm (D:2)
  2 dart slugs (D:1)
  A leopard gecko (D:2)
  2 giant cockroaches (D:1)
  2 goblins (D:1)
  5 hobgoblins
  5 jackals
  4 kobolds
  2 bats
  2 frilled lizards (D:2)
  2 rats (D:1)
30 creatures vanquished.

Notes
Turn   | Place    | Note
-------+----------+-------------------------------------------
     0 | D:1      | Masnef the Draconian Transmuter began the quest for the
                  | Orb.
     0 | D:1      | Reached XP level 1. HP: 16/16 MP: 3/3
   508 | D:1      | Reached XP level 2. HP: 22/23 MP: 5/5
   526 | D:1      | Upgraded the game from 0.26-a0-683-g5206c1d7ac to
                  | 0.26-a0-1058-g8dc6ce00ff
  1195 | D:2      | Reached XP level 3. HP: 18/28 MP: 6/6
  1415 | D:2      | Noticed Natasha
  1429 | D:2      | Killed Natasha
  1430 | D:2      | Reached skill level 4 in Unarmed Combat
  1431 | D:2      | HP: 1/28 [leopard gecko (4)]
  1572 | D:2      | Reached XP level 4. HP: 29/35 MP: 5/7
  1599 | D:2      | Slain by a gnoll

Illustrated notes

Levels and vault maps discovered:
D:1:      psy_arrival_statuary, layout_loops_cross
D:2:      layout_loops_ring, minmay_stone_trees_small, uniq_sigmund,
          uniq_natasha, uniq_crazy_yiuf_cottage

Skill      XL: |  1  2  3 |
---------------+----------+-----
Dodging        | 2 |  2.3
Unarmed Combat | 4 |  4.3
Fighting       | |  1.4
Spellcasting   | |  2.1
Transmutations | |  2.2

Action                   |  1- 3 |  4- 6 || total
-------------------------+-------+-------++-------
Melee: Unarmed           |   124 |     1 ||   125
       Tailslap          |    11 |       ||    11
       Kick              |    14 |       ||    14
       Headbutt          |    10 |       ||    10
       Punch             |     1 |       ||     1
 Cast: Beastly Appendage |    15 |       ||    15
  Use: Potion            |     1 |       ||     1
       Scroll            |       |     1 ||     1
Armor: Skin              |    41 |     2 ||    43
Dodge: Dodged            |    96 |    11 ||   107

Table legend: (Time is in decaauts)
 A = Elapsed time spent in this place.
 B = Non-inter-level travel time spent in this place.
 C = Inter-level travel time spent in this place.
 D = Time resting spent in this place.
 E = Time spent auto-exploring this place.
 F = Levels seen in this place.
 G = Mean time per level.
                   A        B        C        D        E       F      G
               +--------+--------+--------+--------+--------+-----+--------+
         Total |   1590 |   1557 |     33 |    356 |    910 |   2 |  795.0 |
       Dungeon |   1590 |   1557 |     33 |    356 |    910 |   2 |  795.0 |
               +--------+--------+--------+--------+--------+-----+--------+

Top non-repeatable levels by time:
     D:1: 1139 daAuts
     D:2: 451 daAuts
